 Seeded DCSS version 0.26.1-12-g5ba1501909 (webtiles) character file.

Game seed: 20211020 (custom seed)

25 jessy the Stinger (level 3, -6/21 HPs)
             Began as an Octopode Venom Mage on Oct 20, 2021.
             Killed from afar by Sigmund (8 damage)
             ... with a puff of flame
             ... on level 2 of the Dungeon.
             The game lasted 00:06:17 (1064 turns).

jessy the Stinger (Octopode Venom Mage)             Turns: 1064, Time: 00:06:17

Health: -6/21      AC:  1    Str:  8    XL:     3   Next: 6%
Magic:  6/6        EV: 13    Int: 17    God:
Gold:   79         SH:  0    Dex: 12    Spells: 5/6 levels left

rFire    . . .     SeeInvis .   q - +0 short sword
rCold    . . .     Faith    .   (no shield)
rNeg     . . .     Spirit   .   (helmet restricted)
rPois    .         Reflect  .   (no amulet)
rElec    .         Harm     .   (no ring)
rCorr    .         Rampage  .   (no ring)
Will     .....                  (no ring)
Stlth    +++.......             (no ring)
HPRegen  0.07/turn              (no ring)
MPRegen  0.10/turn              (no ring)
                                (no ring)
                                (no ring)

@: berserk cooldown, slowed, very slow
A: almost no armour, stealthy swim, amphibious, 8 rings, constrict 8, camouflage
1, gelatinous body 1
a: no special abilities


You were on level 2 of the Dungeon.
You visited 1 branch of the dungeon, and saw 2 of its levels.

You collected 79 gold pieces.

Inventory:

Hand Weapons
 a - a +0 dagger
 g - a +0 whip
 k - a +0 spear
 q - a +0 short sword (weapon)
Missiles
 b - 34 stones
 c - 14 bolts
Armour
 f - a cursed -2 robe
 l - a +0 pair of gloves
Scrolls
 d - a scroll of fear {unknown}
 e - 2 scrolls of teleportation {unknown}
 j - a scroll of magic mapping {unknown}
 n - 2 scrolls of identify {unknown}
 o - a scroll of remove curse {unknown}
 p - a scroll of amnesia {unknown}
Potions
 i - a potion of resistance {unknown}
 m - a potion of magic {unknown}
 r - a potion of invisibility {unknown}


   Skills:
 + Level 2.4 Dodging
 + Level 2.9 Stealth
 + Level 2.3 Spellcasting
 + Level 1.0 Transmutations
 + Level 4.2 Poison Magic


You had 5 spell levels left.
You knew the following spells:

 Your Spells              Type           Power        Failure   Level
a - Sting                 Tmut/Pois      40%          6%          1

Your spell library contained the following spells:

 Spells                   Type           Power        Failure   Level
 Poisonous Vapours        Pois/Air       18%          12%         2
 Ignite Poison            Fire/Tmut/Pois 7%           26%         3
 Mephitic Cloud           Conj/Pois/Air  6%           32%         3
 Olgreb's Toxic Radiance  Pois           16%          32%         4


Dungeon Overview and Level Annotations

Branches:
Dungeon (2/15)

Altars:

Annotations:
D:2 Sigmund


Innate Abilities, Weirdness & Mutations

You cannot wear most types of armour.
You are very stealthy in the water. (Stealth+)
You are amphibious.
You can wear up to eight rings at the same time.
You can use your tentacles to constrict eight enemies at once.
Your skin changes colour to match your surroundings (Stealth+).
Your rubbery body absorbs attacks. (AC +1, EV +1)


Message History

The giant cockroach closely misses you. Sigmund barely misses you.
The giant cockroach bites you.
* * * LOW HITPOINT WARNING * * *
You hit the giant cockroach.
The giant cockroach is severely wounded.
You constrict the giant cockroach, but do no damage.
The giant cockroach misses you.
Sigmund hits you from afar with a +0 scythe.
* * * LOW HITPOINT WARNING * * *
You hit the giant cockroach but do no damage.
The giant cockroach is severely wounded.
You constrict the giant cockroach.
You kill the giant cockroach!
The kobold throws a stone.
The stone barely misses you. Sigmund closely misses you.
You hit the kobold. You grab the kobold. You squeeze the kobold.
You kill the kobold!
Sigmund gestures at you while chanting. The puff of flame hits you!
You die...

............
..........♣ ....
#...#...... ....
#.........♣ .....
#.#...#... .....
##.<.......
......#..........
......#....###...
.....@)@.........
#.#........####.
##..#...(#
#........#
.............
#.....#.....##
#.....#......#
#.....####.#?#
...... ####


You could see Sigmund.

Vanquished Creatures
  A dart slug (D:1)
  A leopard gecko (D:2)
  A giant cockroach (D:2)
  8 goblins
  A hobgoblin (D:1)
  4 kobolds
  A bat (D:1)
  2 frilled lizards (D:1)
  2 rats (D:1)
21 creatures vanquished.

Notes
Turn   | Place    | Note
-------+----------+-------------------------------------------
     0 | D:1      | jessy the Octopode Venom Mage began the quest for the Orb.
     0 | D:1      | Reached XP level 1. HP: 11/11 MP: 3/3
   335 | D:1      | Reached XP level 2. HP: 15/17 MP: 5/5
   644 | D:1      | Reached skill level 4 in Poison Magic
  1050 | D:2      | Noticed Sigmund
  1057 | D:2      | Reached XP level 3. HP: 10/21 MP: 6/6
  1062 | D:2      | HP: 1/21 [Sigmund/+0 scythe (2)]
  1064 | D:2      | Killed from afar by Sigmund

Illustrated notes

Levels and vault maps discovered:
D:1:      minmay_arrival_stair_chambers, layout_loops_ring
D:2:      layout_rooms, nemelex_altar_shiori, serial_forest,
          infiniplex_forest_diagonal, infiniplex_forest_end_double,
          infiniplex_forest_end_1, infiniplex_forest_straight_2,
          infiniplex_forest_straight_2, infiniplex_forest_fountain,
          infiniplex_forest_straight_4, serial_bayou_lagoon_a,
          amcnicky_mini_pool_small, uniq_sigmund, uniq_natasha

Skill      XL: |  1  2 |
---------------+-------+-----
Poison Magic   | 4 |  4.2
Dodging        | |  2.4
Stealth        | |  2.9
Spellcasting   | |  2.3
Transmutations | |  1.0

Action                   || total
-------------------------++-------
Melee: Dagger            ||    15
       Constrict         ||    14
       Unarmed           ||     3
       Tentacles         ||     4
       Whip              ||    19
       Short sword       ||     9
  Use: Potion            ||     1
 Stab: Sleeping          ||     6
Armor: Skin              ||     5
Dodge: Dodged            ||    32
